 Dungeon Crawl Stone Soup version 0.29-a0-275-g389c0b56f3 (webtiles) character file.

Game seed: 17454571998686643582

136 BlueGoblin the Ducker (level 4, 0/23 HPs)
             Began as a Spriggan Monk on Mar 9, 2022.
             Succumbed to a water moccasin's poison
             ... on level 3 of the Dungeon.
             The game lasted 00:06:10 (3664 turns).

BlueGoblin the Ducker (Spriggan Monk)               Turns: 3664, Time: 00:06:12

Health: 0/23       AC:  5    Str:  7    XL:     4   Next: 98%
Magic:  5/5        EV: 22    Int: 11    God:
Gold:   89         SH:  0    Dex: 19    Spells: 3/3 levels left

rFire   . . .      SeeInvis +   b - +2 club (spect)
rCold   . . .      Faith    .   (no shield)
rNeg    . . .      Spirit   .   m - +0 robe
rPois   .          Reflect  .   (helmet restricted)
rElec   .          Harm     .   j - +2 cloak {Stlth+}
rCorr   .          Rampage  .   (gloves unavailable)
Will    .....                   (boots unavailable)
Stlth   ++++......              (no amulet)
HPRegen 0.07/turn               (no ring)
MPRegen 0.09/turn               (no ring)

@: lethally poisoned (0 -> -1), very quick
A: very small, no large weapons, unfitting armour, see invisible, speed 3
a: no special abilities


You were on level 3 of the Dungeon.
You visited 1 branch of the dungeon, and saw 4 of its levels.

You collected 89 gold pieces.

Inventory:

Hand Weapons
 a - a +3 dagger of speed
 b - a +2 spectral club (weapon)
Armour
 j - a +2 cloak of stealth (worn)
 m - a +0 robe (worn)
Scrolls
 c - a scroll of fear
Potions
 e - a potion of flight
 g - a potion of resistance
 k - a potion of attraction


   Skills:
 - Level 2.4 Fighting
 - Level 3.2 Short Blades
 + Level 7.6 Dodging
 - Level 3.0 Stealth


You had 3 spell levels left.
You didn't know any spells.
Your spell library contained the following spells:

 Spells                   Type           Power      Damage    Failure   Level
 Freeze                   Ice            0%         1d3       34%         1
 Corpse Rot               Necr/Air       0%         N/A       47%         2
 Frozen Ramparts          Ice            0%         1d2       71%         3
 Dispel Undead            Necr           0%         3d6       98%         4
 Hailstorm                Conj/Ice       0%         3d3       98%         4
 Death Channel            Necr           0%         N/A       100%        6


Dungeon Overview and Level Annotations

Branches:
Dungeon (4/15)
 Temple: D:4-7

Altars:
Makhleb

Shops:
D:1 ?   D:3 !


Innate Abilities, Weirdness & Mutations

You are very small and have problems with some larger weapons.
You are too small for most types of armour.
You have supernaturally acute eyesight. (SInv)
You cover ground extremely quickly. (Speed+++)


Message History

You feel sick.
You are no longer poisoned.
There is a stone staircase leading up here.
You climb upwards.
There is a stone staircase leading down here.
You start resting.
HP restored.
You climb downwards.
The water moccasin bites you. The kobold completely misses you.
The water moccasin misses you.
There is a stone staircase leading up here.
The water moccasin bites you.
You are lethally poisoned!
The water moccasin poisons you! The kobold hits you but does no damage.
You climb upwards.
You feel very sick.
There is a stone staircase leading down here.
The water moccasin attacks as you move away!
The water moccasin closely misses you.
You feel sick. The kobold completely misses you.
You feel sick.
The water moccasin attacks as you move away!
The water moccasin barely misses you.
* * * LOW HITPOINT WARNING * * *
You feel sick.
* * * LOW HITPOINT WARNING * * *
You feel sick.
Okay, then.
Okay, then.
* * * LOW HITPOINT WARNING * * *
You feel sick.
The water moccasin completely misses you.
The water moccasin attacks as you move away!
The water moccasin closely misses you.
* * * LOW HITPOINT WARNING * * *
You feel sick.
* * * LOW HITPOINT WARNING * * *
You feel sick.
* * * LOW HITPOINT WARNING * * *
You feel sick.
You die...

#####.# #.# #.....###.#
#.###.#...# #.#
#.#.#.######## #.#
#.#..........# #.#
#.###.######.# #.#
#.........##.#
#.#######.###.##.#
#.#..S...@..#.##.#########
#.#K#####.#.#.##.....#....
#...(.....................
#K#.......#.#.#........###
#.#########.#.#.####.#...#
#...........#.#..###.#...#
####>...................+...'
#............###.^......#...#
#.##########.##..#####..#...#


You could see a water moccasin and a kobold.

Vanquished Creatures
  Jessica (D:3)
  An iguana (D:3)
  2 adders
  An ufetubus (D:4)
  A dart slug (D:2)
  An orc (D:3)
  6 ball pythons
  8 bats
  2 endoplasms
  5 giant cockroaches
  4 goblins
  5 hobgoblins
  6 jackals (D:1)
  2 quokkas
  A frilled lizard (D:2)
  5 kobolds
  3 rats
54 creatures vanquished.

Notes
Turn   | Place    | Note
-------+----------+-------------------------------------------
     0 | D:1      | BlueGoblin the Spriggan Monk began the quest for the Orb.
     0 | D:1      | Reached XP level 1. HP: 11/11 MP: 2/2
    93 | D:1      | Reached XP level 2. HP: 13/16 MP: 3/3
   179 | D:1      | Reached skill level 5 in Dodging
   682 | D:1      | Found a faded altar of an unknown god.
   731 | D:1      | Reached XP level 3. HP: 19/19 MP: 4/4
   934 | D:1      | Found Wonaiho's Magic Scroll Shop.
  1949 | D:2      | Reached skill level 6 in Dodging
  2527 | D:3      | Noticed Jessica
  2537 | D:3      | Killed Jessica
  2538 | D:3      | Reached XP level 4. HP: 16/23 MP: 5/5
  2698 | D:3      | Found Nezaful's Distillery.
  2755 | D:3      | Found a burning altar of Makhleb.
  3021 | D:3      | Reached skill level 7 in Dodging
  3069 | D:3      | Identified a scroll of acquirement
  3069 | D:3      | Acquired a +2 cloak of stealth
  3129 | D:4      | Noticed a scorpion
  3481 | D:4      | Noticed a water moccasin
  3662 | D:3      | HP: 1/23 [poisoned by a water moccasin]
  3664 | D:3      | Succumbed to a water moccasin's poison

Illustrated notes

Levels and vault maps discovered:
D:1:      onia_arrival_mini_spirals, layout_rooms, serial_shops,
          nicolae_lakefront_shop, shapermc_ecumenical_altar_gd,
          minmay_misc_feat_rows
D:2:      layout_rooms
D:3:      layout_basic, mainiacjoe_overflow_chevrons, serial_shops,
          nicolae_shop_window_shopping, kennysheep_jessica_study
D:4:      layout_cave_pools, st_stairs_8

Skill      XL: |  1  2  3  4 |
---------------+-------------+-----
Dodging        | 5 6 7 |  7.6
Fighting       | |  2.4
Short Blades   | |  3.2
Stealth        | |  3.0

Action                   |  1- 3 |  4- 6 || total
-------------------------+-------+-------++-------
Melee: Short sword       |   108 |       ||   108
       Punch             |     2 |       ||     2
       Dagger            |    40 |    10 ||    50
       Club              |       |    12 ||    12
  Use: Potion            |     1 |       ||     1
       Scroll            |     4 |     6 ||    10
 Stab: Sleeping          |     8 |     3 ||    11
Armor: Robe              |    18 |     3 ||    21
Dodge: Dodged            |   135 |    28 ||   163

Table legend: (Time is in decaauts)
 A = Elapsed time spent in this place.
 B = Non-inter-level travel time spent in this place.
 C = Inter-level travel time spent in this place.
 D = Time resting spent in this place.
 E = Time spent auto-exploring this place.
 F = Levels seen in this place.
 G = Mean time per level.
                   A        B        C        D        E       F      G
               +--------+--------+--------+--------+--------+-----+--------+
         Total |   2882 |   2786 |     96 |   1144 |   1157 |   4 |  720.5 |
       Dungeon |   2882 |   2786 |     96 |   1144 |   1157 |   4 |  720.5 |
               +--------+--------+--------+--------+--------+-----+--------+

Top non-repeatable levels by time:
     D:1: 1260 daAuts
     D:3: 1014 daAuts
     D:2: 509 daAuts
     D:4: 97 daAuts
